 Dungeon Crawl Stone Soup version 0.17-a0-1115-g0372368 (webtiles) character file.

340 ololoev the Cudgeler (level 6, -8/44 HPs)
             Began as a Formicid Skald on May 22, 2015.
             Killed by divine providence
             ... invoked by an orc priest
              (12 damage)
             ... on level 3 of the Dungeon.
             The game lasted 00:09:16 (3623 turns).

ololoev the Cudgeler (Formicid Skald)               Turns: 3623, Time: 00:09:16

Health: -8/44      AC: 10    Str: 19    XL:     6   Next: 87%
Magic:  9/9        EV:  7    Int: 11    God:
Gold:   142        SH:  0    Dex: 10    Spells: 3 memorised, 1 level left

rFire  . . .     SeeInvis +     a - +0 mace
rCold  . . .     Clarity  .     s - +0 chain mail
rNeg   . . .     SustAt   .     (no shield)
rPois  +         Gourm    .     (helmet unavailable)
rElec  .         Spirit   .     p - +0 cloak
rCorr  .         Warding  .     (no gloves)
rMut   .         Stasis   +     (no boots)
MR     .....                    (no amulet)
Stlth  ..........               (no ring)
                                k - ring of poison resistance

@: not resistant to hostile enchantments, extremely unstealthy
A: permanent stasis, dig shafts and tunnels, four strong arms, antennae 3
a: Dig, Shaft Self


Innate Abilities, Weirdness & Mutations

You are under a permanent stasis effect.
You can dig through walls and to a lower floor.
Your four strong arms can wield two-handed weapons with a shield.
You have a pair of large antennae on your head (SInv).

Inventory:

Hand weapons
 a - a +0 mace (weapon)
Missiles
 m - 7 poisoned javelins (quivered)
Armour
 p - a +0 cloak (worn)
 s - a +0 chain mail (worn)
Jewellery
 k - a ring of poison resistance (left hand)
Scrolls
 d - 2 scrolls of remove curse {unknown}
 e - 2 scrolls of enchant weapon {unknown}
 f - 4 scrolls of identify {unknown}
 g - a scroll of recharging {unknown}
 n - a scroll of teleportation {unknown}
 o - 2 scrolls of random uselessness {unknown}
Potions
 i - 2 potions of brilliance {unknown}
 q - a potion of flight {unknown}
 r - a potion of heal wounds {unknown}
Comestibles
 h - a beef jerky
 j - 4 chunks of flesh
 l - 2 meat rations


   Skills:
 - Level 2.1 Fighting
 * Level 5.5 Maces & Flails
 + Level 4.1 Armour
 - Level 0.8 Dodging
 - Level 2.1 Spellcasting
 - Level 3.0 Charms


You had one spell level left.
You knew the following spells:

 Your Spells              Type           Power        Failure   Level  Hunger
b - Song of Slaying       Chrm           #.......     96%         2    ###....
c - Spectral Weapon       Hex/Chrm       #.......     100%        3    ####...
d - Regeneration          Chrm/Necr      #.........   100%        3    ####...


You were on level 3 of the Dungeon.
You were hungry.

You visited 1 branch of the dungeon, and saw 3 of its levels.

You collected 142 gold pieces.

#........###..#.....# .
#.............#.....#
..#.......#...........#
..........#.......##...
#...[........#).# .
#..$.........<..#
#####...#........#
#.#......$.....#..##
#.....b@............
..#...†o.....###..##.
#.#.............. .<
#.......##......#. .
..#.....# ......#.#
....##..... ..... ...
#..#... ## #. ##.#...#

Notes
Turn   | Place    | Note
--------------------------------------------------------------
     0 | D:1      | ololoev the Formicid Skald began the quest for the Orb.
     0 | D:1      | Reached XP level 1. HP: 16/16 MP: 3/3
    71 | D:1      | Reached XP level 2. HP: 20/22 MP: 5/5
   196 | D:1      | Learned a level 2 spell: Song of Slaying
   710 | D:1      | Reached XP level 3. HP: 25/27 MP: 2/6
  1591 | D:2      | Noticed Natasha
  1603 | D:2      | Killed Natasha
  1603 | D:2      | Reached XP level 4. HP: 7/33 MP: 1/7
  1921 | D:2      | HP: 1/33 [poisoned by an adder]
  2381 | D:2      | Noticed Natasha
  2398 | D:2      | HP: 1/33 [white imp[Natasha] (3)]
  2400 | D:2      | Killed Natasha
  2400 | D:2      | Reached skill level 4 in Maces & Flails
  2656 | D:2      | Reached XP level 5. HP: 33/38 MP: 8/8
  2728 | D:2      | Noticed Sigmund
  2739 | D:2      | Killed Sigmund
  2739 | D:2      | Reached skill level 5 in Maces & Flails
  2739 | D:2      | Reached XP level 6. HP: 44/44 MP: 9/9
  2852 | D:2      | Noticed Natasha
  2861 | D:2      | Killed Natasha
  3264 | D:2      | Noticed Crazy Yiuf
  3270 | D:2      | Killed Crazy Yiuf
  3340 | D:2      | Noticed Robin
  3373 | D:2      | Killed Robin
  3590 | D:3      | Learned a level 3 spell: Spectral Weapon
  3598 | D:3      | Learned a level 3 spell: Regeneration
  3623 | D:3      | Killed from afar by an orc priest

Dungeon Overview and Level Annotations

Branches:
Dungeon (3/15)

Altars:


Message History

The orc priest is lightly wounded.
The bat hits you but does no damage.
The orc priest mumbles some strange prayers to Beogh against you.
Something smites you!
You hit the orc priest but do no damage.
The orc priest is lightly wounded.
The bat barely misses you.
The orc priest mumbles some strange prayers to Beogh against you.
Something smites you!
You are too injured to fight recklessly!
You are too injured to fight recklessly!
You are too injured to fight recklessly!
You are too injured to fight recklessly!
You are too injured to fight recklessly!
You are too injured to fight recklessly!
You are too injured to fight recklessly!
You are too injured to fight recklessly!
Unknown command.
Cast which spell? (? or * to list)
Okay, then.
You closely miss the orc priest.
The orc priest is lightly wounded.
The bat hits you but does no damage.
The orc priest invokes the aid of Beogh against you.
You struggle to resist.
You sock the orc priest!
The orc priest is heavily wounded.
The bat closely misses you.
The orc priest hits you but does no damage.
You hit the orc priest.
The orc priest is severely wounded.
The bat hits you but does no damage.
The orc priest invokes the aid of Beogh against you.
Something smites you!
You barely miss the orc priest.
The orc priest is severely wounded.
The bat hits you but does no damage.
The orc priest calls down the wrath of Beogh upon you.
Something smites you!
You die...

You could see an orc priest and a bat.

Vanquished Creatures
  Sigmund (D:2)
  Crazy Yiuf (D:2)
  Natasha (thrice) (D:2)
  Robin (D:2)
  2 adders (D:2)
  A worm (D:2)
  4 orcs (D:3)
  3 ball pythons
  3 giant cockroaches
  10 hobgoblins
  7 jackals
  12 kobolds
  8 bats
  3 giant geckos (D:1)
  A giant newt (D:2)
  16 goblins
  6 rats
82 creatures vanquished.

Action                   |  1- 3 |  4- 6 || total
-------------------------+-------+-------++-------
Melee: Mace              |   121 |   141 ||   262
Throw: Javelin           |       |    14 ||    14
 Cast: Infusion          |     4 |     5 ||     9
       Song of Slaying   |     1 |     4 ||     5
 Abil: Dig               |       |     2 ||     2
  Eat: Chunk             |     3 |     2 ||     5
       Bread ration      |       |     1 ||     1

Vault maps used:
D:1:      minmay_arrival_stair_chambers, minmay_misc_feat_diagonals,
          minmay_misc_feat_columns
D:2:      hangedman_decor_push, roderic_lattice_a, uniq_crazy_yiuf_cottage,
          uniq_sigmund, uniq_robin, uniq_natasha
D:3:      kennysheep_generic_room_5
